AoeStats
← Yulego24

MegaRandom

510226429Analyzed
3v3 RM · 1d ago on Sep 30, 2026· 61m 32s· 6 players
Game mode
Random Map
Map size
Normal (6 player)
Population
200
Speed
Normal
Resources
Standard
Victory
Conquest
Starting age
Dark Age
Ending age
Imperial Age
RankedLock teamsTeams togetherTeam positionsShared explorationLock speedFull tech treeHidden civsTurbo modeCheats
Victory
Defeat
🇺🇸 Jurchens · United States
1231
+9
🇵🇪 Inca · Peru
1151
+12
🇺🇸 Aztecs · United States
1108
+14
🇨🇷 Khmer · Costa Rica
1117
-13
🇨🇷 Saxons · Costa Rica
1059
-11
🇨🇷 Goths · Costa Rica
1039
-11
AdamSvp21
7:36 Loom
10:06 Feudal Age
14:45 Fletching
19:57 Padded Archer Armor
20:35 Wheelbarrow
20:14 Champi Runner
24:03 Castle Age
22:06 Double-Bit Axe
22:21 Horse Collar
22:54 Horse Collar
23:06 Gold Mining
23:54 Stone Mining
24:11 Scale Mail Armor
24:16 Crossbowman
25:01 Bodkin Arrow
27:15 Leather Archer Armor
28:07 Town Watch
29:55 Pikeman
33:36 Chain Mail Armor
32:43 Champi Warrior
37:15 Imperial Age
37:57 Ballistics
39:13 Chemistry
38:45 Capped Ram
40:34 Bracer
40:47 Squires
41:20 Forging
41:51 Elite Champi Warrior
47:14 Siege Engineers
49:09 Arbalester
50:28 Ring Archer Armor
49:55 Murder Holes
50:39 Forging
50:13 Siege Ram
51:25 Plate Mail Armor
50:54 Arson
52:38 Iron Casting
52:26 Conscription
52:48 Halberdier
55:57 Blast Furnace
55:29 Hand Cart
55:16 Town Patrol
55:32 Bow Saw
55:23 Heavy Plow
55:59 Gold Shaft Mining
56:01 Stone Shaft Mining
56:07 Treadmill Crane
57:47 Crop Rotation
57:35 Masonry
57:48 Fabric Shields
58:40 Elite Kamayuk
59:59 Hoardings
61:06 Fortified Wall
61:20 Andean Sling
Jersey_TitanX
11:23 Feudal Age
11:59 Double-Bit Axe
17:10 Castle Age
14:58 Loom
17:20 Scale Mail Armor
17:29 Pikeman
17:58 Man-at-Arms
19:16 Squires
23:30 Town Watch
26:08 Horse Collar
27:28 Wheelbarrow
29:04 Chain Mail Armor
30:57 Forging
30:46 Gold Mining
30:47 Stone Mining
31:19 Bow Saw
32:58 Iron Casting
33:04 Sanctity
32:55 Fervor
38:49 Imperial Age
37:41 Stone Shaft Mining
37:55 Hand Cart
39:23 Heavy Plow
40:09 Plate Mail Armor
40:42 Blast Furnace
40:17 Eagle Warrior
41:51 Garland Wars
43:00 Elite Eagle Warrior
44:45 Elite Jaguar Warrior
50:39 Arson
shampoop
10:44 Feudal Age
10:55 Loom
11:17 Double-Bit Axe
11:14 Horse Collar
16:58 Castle Age
15:41 Gold Mining
18:16 Gold Shaft Mining
17:56 Bow Saw
18:16 Heavy Plow
21:30 Forging
22:48 Scale Barding Armor
24:28 Iron Casting
26:35 Bloodlines
26:57 Husbandry
28:10 Chain Barding Armor
37:54 Imperial Age
39:00 Elite Iron Pagoda
39:59 Herbal Medicine
42:17 Blast Furnace
41:59 Plate Barding Armor
53:25 Conscription
The_Terciopelo
10:52 Feudal Age
15:52 Castle Age
13:51 Double-Bit Axe
13:52 Horse Collar
16:40 Bloodlines
18:00 Gold Mining
18:00 Fishing Lines
18:56 Scale Barding Armor
19:02 Forging
20:13 Husbandry
21:43 Chain Barding Armor
23:47 Iron Casting
28:01 Bow Saw
29:25 Wheelbarrow
30:53 Heavy Plow
31:34 Gold Shaft Mining
32:17 Tusk Swords
36:32 Devotion
39:40 Imperial Age
36:59 Loom
38:02 Fletching
39:40 Hand Cart
41:48 Plate Barding Armor
42:14 Blast Furnace
41:20 Bodkin Arrow
42:22 Conscription
46:04 Ballistics
46:41 Elite Battle Elephant
53:43 Town Watch
Ganito
7:40 Loom
10:14 Feudal Age
15:03 Double-Bit Axe
15:30 Fletching
17:51 Horse Collar
18:55 Wheelbarrow
21:16 Castle Age
27:21 Wheelbarrow
27:33 Wheelbarrow
29:23 Man-at-Arms
29:49 Gambesons
30:04 Squires
29:50 Arson
30:43 Fortified Wall
32:10 Hand Cart
31:40 Town Watch
32:11 Heavy Plow
32:23 Long Swordsman
32:36 Pikeman
37:27 Imperial Age
35:50 Town Patrol
36:45 Clerical Recruitment
37:29 Onager
38:51 Padded Archer Armor
38:47 Bodkin Arrow
38:17 Long Swordsman
39:02 Scale Mail Armor
39:06 Gold Mining
39:07 Stone Mining
40:11 Conscription
39:55 Elite Skirmisher
41:16 Block Printing
41:11 Redemption
41:31 Leather Archer Armor
41:38 Forging
41:31 Bracer
45:58 Cranequins
Yulego24
1:27 Loom
10:50 Feudal Age
19:11 Castle Age
18:01 Double-Bit Axe
18:01 Horse Collar
20:36 Fletching
20:40 Man-at-Arms
22:19 Forging
22:29 Squires
26:03 Scale Mail Armor
27:56 Bow Saw
27:51 Heavy Plow
28:10 Chain Mail Armor
28:05 Long Swordsman
29:59 Iron Casting
29:39 Pikeman
47:55 Imperial Age
Connection lost

Rejoining the realm…

Still unreachable

The connection could not be restored.

Session expired

The server has moved on; the page needs a fresh start.